 Dungeon Crawl Stone Soup version 0.28.0 (webtiles) character file.

Game seed: 702406877286846050

272 pkoi the Insei (level 6, -2/52 HPs)
             Began as a Draconian Monk on Feb 17, 2022.
             Slain by a gnoll shaman (4 damage)
             ... on level 3 of the Dungeon.
             The game lasted 00:03:55 (2950 turns).

pkoi the Insei (Draconian Monk)                     Turns: 2950, Time: 00:03:55

Health: -2/52      AC:  6    Str: 13    XL:     6   Next: 2%
Magic:  6/6        EV: 13    Int: 13    God:
Gold:   115        SH:  0    Dex: 16    Spells: 5/5 levels left

rFire   . . .      SeeInvis .     - Unarmed
rCold   + . .      Faith    .   (no shield)
rNeg    + . .      Spirit   .   (armour unavailable)
rPois   .          Reflect  .   (helmet restricted)
rElec   .          Harm     .   (no cloak)
rCorr   .          Rampage  .   (no gloves)
Will    .....                   (no boots)
Stlth   ++........              (no amulet)
HPRegen 0.17/turn               l - ring "Xiologor" {rC+ Dex+3 Stlth+}
MPRegen 0.10/turn               c - ring of positive energy

@: lit by a corona, flying, glowing
A: AC +6, unfitting armour, cold-blooded
a: no special abilities


You were on level 3 of the Dungeon.
You visited 1 branch of the dungeon, and saw 3 of its levels.

You collected 115 gold pieces.

Inventory:

Hand Weapons
 d - a +0 whip
 h - a +0 hunting sling
Missiles
 i - 12 sling bullets
 j - 8 poisoned darts (quivered)
Jewellery
 c - a ring of positive energy (right hand)
 l - the ring "Xiologor" (left hand) {rC+ Dex+3 Stlth+}
   (You found it on level 3 of the Dungeon)

   [ring of protection from cold]

   Dex:       It affects your dexterity (+3).
   rC:        It protects you from cold.
   Stlth:     It makes you more stealthy.
Scrolls
 a - a scroll of fear {unknown}
 b - 2 scrolls of fog {unknown}
 e - 5 scrolls of identify {unknown}
Potions
 g - a potion of curing {unknown}
 k - a potion of berserk rage {unknown}
 m - a potion of invisibility {unknown}


   Skills:
 + Level 3.6 Fighting
 + Level 3.0 Dodging
 + Level 2.0 Stealth
 * Level 6.3 Unarmed Combat


You had 5 spell levels left.
You didn't know any spells.
Your spell library was empty.

Dungeon Overview and Level Annotations

Branches:
Dungeon (3/15)

Altars:


Innate Abilities, Weirdness & Mutations

Your plain brown scales are hard. (AC +6)
You cannot fit into any form of body armour.
You are cold-blooded and may be slowed by cold attacks.


Message History

The gnoll shaman closely misses you.
You punch the gnoll shaman!
Your tail-slap misses the gnoll shaman.
The gnoll shaman is heavily wounded.
The gnoll shaman hits you but does no damage.
You closely miss the gnoll shaman.
The gnoll shaman is heavily wounded.
The gnoll shaman hits you with a +1 whip of electrocution!
* * * LOW HITPOINT WARNING * * *
You hit the gnoll shaman but do no damage.
The gnoll shaman is heavily wounded.
The gnoll shaman hits you with a +1 whip of electrocution.
* * * LOW HITPOINT WARNING * * *
You barely miss the gnoll shaman.
You tail-slap the gnoll shaman, but do no damage.
The gnoll shaman is heavily wounded.
You hit the gnoll shaman.
The gnoll shaman is severely wounded.
The gnoll shaman barely misses you.
You closely miss the gnoll shaman.
The gnoll shaman is severely wounded.
The gnoll shaman closely misses you.
Unknown command.
You hit the gnoll shaman but do no damage.
The gnoll shaman is severely wounded.
The gnoll shaman hits you with a +1 whip of electrocution!
* * * LOW HITPOINT WARNING * * *
You are electrocuted!
* * * LOW HITPOINT WARNING * * *
You hit the gnoll shaman.
The gnoll shaman is severely wounded.
The gnoll shaman mumbles some strange prayers to its god.
The gnoll shaman is healed somewhat.
You hit the gnoll shaman.
Your tail-slap misses the gnoll shaman.
The gnoll shaman is heavily wounded.
The gnoll shaman hits you but does no damage.
It was a potion of flight.
You feel very buoyant.
You fly up into the air.
The gnoll shaman hits you with a +1 whip of electrocution.
You die...

..oo..'....+ ..o...'....'
#g...# #....# #....#
#....# #....#
##########''''###########
........@g...............
≈≈≈≈≈≈≈≈≈≈....≈≈≈≈≈≈≈≈≈≈≈
≈≈≈≈≈≈≈≈≈≈....≈≈≈≈≈≈≈≈≈≈≈
≈≈≈≈≈≈≈≈≈≈..[.≈≈≈≈≈≈≈≈≈≈≈
......).........(........
##########..#.###.)...<).
#>..#.###########
#.#..............
#.###.#####......


You could see a gnoll shaman.

Vanquished Creatures
  A kobold brigand (D:3)
  2 howler monkeys
  Natasha (D:3)
  4 gnolls (D:3)
  An adder (D:2)
  2 dart slugs
  7 orcs
  3 ball pythons
  A bat (D:2)
  5 endoplasms
  2 giant cockroaches
  2 goblins (D:2)
  6 hobgoblins
  5 jackals
  4 kobolds
  A frilled lizard (D:3)
  5 rats
52 creatures vanquished.

Notes
Turn   | Place    | Note
-------+----------+-------------------------------------------
     0 | D:1      | pkoi the Draconian Monk began the quest for the Orb.
     0 | D:1      | Reached XP level 1. HP: 19/19 MP: 1/1
   217 | D:1      | Reached XP level 2. HP: 23/26 MP: 2/2
  1026 | D:2      | Reached skill level 4 in Unarmed Combat
  1123 | D:2      | Reached XP level 3. HP: 31/31 MP: 3/3
  1188 | D:2      | Found a faded altar of an unknown god.
  1525 | D:3      | Noticed a kobold brigand
  1909 | D:3      | Noticed Natasha
  1921 | D:3      | Killed Natasha
  1922 | D:3      | Reached skill level 5 in Unarmed Combat
  1922 | D:3      | Reached XP level 4. HP: 17/38 MP: 4/4
  1927 | D:3      | Identified the ring "Xiologor" {rC+ Dex+3 Stlth+}
  2061 | D:3      | Killed a kobold brigand
  2062 | D:3      | Reached XP level 5. HP: 18/45 MP: 5/5
  2179 | D:3      | Reached skill level 6 in Unarmed Combat
  2937 | D:3      | Reached XP level 6. HP: 38/52 MP: 6/6
  2947 | D:3      | HP: 1/52 [gnoll shaman (11)]
  2950 | D:3      | Slain by a gnoll shaman

Illustrated notes

Levels and vault maps discovered:
D:1:      kennysheep_arrival_forest, layout_basic
D:2:      layout_rooms, chequers_ecumenical_altar_simple
D:3:      lemuel_castle_with_subvaults [lemuel_castle_interior_carwin_2],
          layout_rooms, uniq_natasha

Skill      XL: |  1  2  3  4  5 |
---------------+----------------+-----
Unarmed Combat | 4 5 6 |  6.3
Dodging        | 3 |  3.0
Stealth        | 2 |  2.0
Fighting       | |  3.6

Action                   |  1- 3 |  4- 6 || total
-------------------------+-------+-------++-------
Melee: Unarmed           |    83 |    80 ||   163
       Tailslap          |     8 |     9 ||    17
       Punch             |     3 |     2 ||     5
       Whip              |     7 |       ||     7
 Fire: Hunting sling     |    52 |       ||    52
  Use: Potion            |       |     1 ||     1
 Stab: Sleeping          |     2 |       ||     2
       Distracted        |       |     1 ||     1
Armor: Skin              |    26 |    10 ||    36
Dodge: Dodged            |    59 |    32 ||    91
